 Dungeon Crawl Stone Soup version 0.29-a0-284-gf9362112df (webtiles) character file.

Game seed: 4087101014037090142

49 siradein the Grave Robber (level 3, -2/28 HPs)
             Began as a Draconian Necromancer on Mar 31, 2022.
             Slain by a hobgoblin
             ... wielding a +0 dagger
             ... led by Robin
              (3 damage)
             ... on level 2 of the Dungeon.
             The game lasted 00:04:11 (1481 turns).

siradein the Grave Robber (Draconian Necromancer)   Turns: 1481, Time: 00:04:12

Health: -2/28      AC:  7    Str: 10    XL:     3   Next: 51%
Magic:  2/6        EV: 12    Int: 17    God:
Gold:   42         SH:  0    Dex: 11    Spells: 2/6 levels left

rFire   . . .      SeeInvis .   h - +0 flail
rCold   . . .      Faith    .   (no shield)
rNeg    . . .      Spirit   .   (body armour unavailable)
rPois   .          Reflect  .   (helmet restricted)
rElec   .          Harm     .   e - +0 cloak
rCorr   .          Rampage  .   (no gloves)
Will    .....                   c - +0 pair of boots
Stlth   ++........              (no amulet)
HPRegen 0.09/turn               (no ring)
MPRegen 0.10/turn               (no ring)

@: no status effects
A: AC +5, unfitting armour, cold-blooded
a: no special abilities


You were on level 2 of the Dungeon.
You visited 1 branch of the dungeon, and saw 2 of its levels.

You collected 42 gold pieces.

Inventory:

Hand Weapons
 h - a +0 flail (weapon)
Armour
 c - a +0 pair of boots (worn)
 e - a +0 cloak (worn)
Scrolls
 b - 2 scrolls of teleportation {unknown}
 i - a scroll of blinking {unknown}
Potions
 a - 2 potions of magic
 d - a potion of berserk rage {unknown}
 f - a potion of mutation {unknown}
 g - a potion of flight {unknown}


   Skills:
 + Level 1.3 Fighting
 + Level 0.4 Maces & Flails
 + Level 2.3 Dodging
 - Level 1.7 Stealth
 + Level 2.4 Spellcasting
 + Level 4.3 Necromancy


You had 2 spell levels left.
You knew the following spells:

 Your Spells              Type           Power      Damage    Failure   Level
a - Pain                  Necr           64%        1d7       3%          1
b - Vampiric Draining     Necr           16%        2d7       10%         3

Your spell library contained the following spells:

 Spells                   Type           Power      Damage    Failure   Level
 Animate Skeleton         Necr           32%        N/A       3%          1
 Animate Dead             Necr           8%         N/A       30%         4
 Agony                    Necr           16%        N/A       65%         5


Dungeon Overview and Level Annotations

Branches:
Dungeon (2/15)

Altars:
Nemelex Xobeh


Innate Abilities, Weirdness & Mutations

Your plain brown scales are hard. (AC +5)
You cannot fit into any form of body armour.
You are cold-blooded and may be slowed by cold attacks.


Message History

You draw life force from Robin!
You kill Robin!
You feel life coursing into your body.
The hobgoblin no longer looks unusually strong.
The hobgoblin hits you but does no damage.
The hobgoblin hits you with a +0 dagger.
The hobgoblin hits you.
* * * LOW HITPOINT WARNING * * *
The goblin hits you but does no damage. The hobgoblin attacks as you move away!
The hobgoblin hits you with a +0 dagger.
* * * LOW HITPOINT WARNING * * *
The hobgoblin attacks as you move away! The hobgoblin closely misses you.
Things that are here:
a +0 dagger; 3 gold pieces; a goblin corpse The hobgoblin hits you but does no damage.
The hobgoblin no longer looks unusually strong. x2
The hobgoblin attacks as you move away! The hobgoblin closely misses you.
The goblin no longer looks unusually strong.
The hobgoblin attacks as you move away! The hobgoblin barely misses you.
The hobgoblin attacks as you move away!
The hobgoblin hits you with a +0 dagger.
* * * LOW HITPOINT WARNING * * *
The hobgoblin attacks as you move away! The hobgoblin hits you.
* * * LOW HITPOINT WARNING * * *
The hobgoblin attacks as you move away! The hobgoblin closely misses you.
The hobgoblin attacks as you move away! The hobgoblin barely misses you.
The hobgoblin attacks as you move away!
The hobgoblin hits you but does no damage.
The hobgoblin attacks as you move away!
The hobgoblin hits you but does no damage.
The hobgoblin attacks as you move away! The hobgoblin closely misses you.
You barely miss the hobgoblin. The hobgoblin hits you.
* * * LOW HITPOINT WARNING * * *
The hobgoblin closely misses you.
You sock the hobgoblin!
You kill the hobgoblin!
You closely miss the hobgoblin.
The hobgoblin hits you with a +0 dagger.
You die...

... ..###....# ....#
####........#
....#########.....#.....#
....##......#.##..#.....#
........................#
............#.#.........#
............#...##......#
...###...#.#######g.....#
...# #...+.# #.@gg#.####
...# #...### #.####g.#
######...#### #.#####g###
.†.†.................g.>#
###########.######......#
....##......#
...........# ..........#
........))#


You could see 2 hobgoblins and a goblin.

Vanquished Creatures
  Robin (D:2)
  2 ball pythons
  A bat (D:1)
  4 endoplasms
  2 giant cockroaches (D:2)
  5 hobgoblins
  6 jackals (D:1)
  A frilled lizard (D:1)
  6 goblins
  A kobold (D:1)
  3 rats (D:1)
32 creatures vanquished.

Notes
Turn   | Place    | Note
-------+----------+-------------------------------------------
     0 | D:1      | siradein the Draconian Necromancer began the quest for the
                  | Orb.
     0 | D:1      | Reached XP level 1. HP: 14/14 MP: 3/3
   266 | D:1      | Reached XP level 2. HP: 20/22 MP: 1/5
   700 | D:1      | Reached skill level 1 in Fighting
  1266 | D:2      | Found a sparkling altar of Nemelex Xobeh.
  1419 | D:2      | Reached XP level 3. HP: 26/28 MP: 3/6
  1438 | D:2      | Learned a level 3 spell: Vampiric Draining
  1449 | D:2      | Noticed Robin
  1461 | D:2      | Killed Robin
  1479 | D:2      | HP: 1/28 [hobgoblin[Robin] (3)]
  1481 | D:2      | Slain by a hobgoblin

Illustrated notes

Levels and vault maps discovered:
D:1:      erik_arrival_cave_to_civilisation [erik_arrival_cave_to_hall],
          layout_basic, grunt_decor_cap
D:2:      layout_basic, basic_altar, corexii_shack, uniq_robin, uniq_natasha

Skill      XL: |  1  2 |
---------------+-------+-----
Dodging        | 2 |  2.3
Fighting       | 1 |  1.3
Maces & Flails | |  0.4
Stealth        | |  1.7
Spellcasting   | |  2.4
Necromancy     | |  4.3

Action                   || total
-------------------------++-------
Melee: Spear             ||     6
       War axe           ||    30
       Flail             ||    28
       Tailslap          ||    10
 Cast: Pain              ||     8
       Vampiric Draining ||     2
 Stab: Sleeping          ||     3
Armor: Skin              ||    31
Dodge: Dodged            ||    56

Table legend: (Time is in decaauts)
 A = Elapsed time spent in this place.
 B = Non-inter-level travel time spent in this place.
 C = Inter-level travel time spent in this place.
 D = Time resting spent in this place.
 E = Time spent auto-exploring this place.
 F = Levels seen in this place.
 G = Mean time per level.
                   A        B        C        D        E       F      G
               +--------+--------+--------+--------+--------+-----+--------+
         Total |   1508 |   1409 |     99 |     28 |   1103 |   2 |  754.0 |
       Dungeon |   1508 |   1409 |     99 |     28 |   1103 |   2 |  754.0 |
               +--------+--------+--------+--------+--------+-----+--------+

Top non-repeatable levels by time:
     D:1: 1191 daAuts
     D:2: 317 daAuts
